 Dungeon Crawl Stone Soup version 0.28-a0-751-gef3a642a4e (webtiles) character file.

Game seed: 12971722539940212291

317 Johnny the Slasher (level 6, -1/18 (49) HPs)
             Began as a Human Berserker on Oct 29, 2021.
             Was a Believer of Trog.
             Killed from afar by an orc wizard (3 damage)
             ... with a magic dart
             ... on level 5 of the Dungeon on Oct 30, 2021.
             The game lasted 00:03:27 (4553 turns).

Johnny the Slasher (Human Berserker)                Turns: 4553, Time: 00:03:28

HP:   -1/18 (49)    AC:  7    Str: 19    XL:     6   Next: 74%
MP:   5/6           EV: 10    Int:  8    God:    Trog [**....]
Gold: 111           SH:  0    Dex: 12    Spells: 5/5 levels left

rFire   . . .      SeeInvis .   a - +0 falchion
rCold   . . .      Faith    .   (no shield)
rNeg    . . .      Spirit   .   p - +0 scale mail
rPois   .          Reflect  .   h - +0 helmet
rElec   .          Harm     .   l - scarf {+Inv}
rCorr   .          Rampage  .   (no gloves)
Will    ++...                   (no boots)
Stlth   ..........              (no amulet)
HPRegen 1.06/turn               (no ring)
MPRegen 0.10/turn               (no ring)

@: strong-willed, on berserk cooldown, very slightly contaminated, regenerating,
extremely drained, invisible (expiring)
A: no striking features
a: Renounce Religion, Evoke Invisibility, Berserk, Trog's Hand


You were on level 5 of the Dungeon.
You worshipped Trog.
Trog was pleased with you.
You visited 1 branch of the dungeon, and saw 5 of its levels.

You collected 111 gold pieces.

Inventory:

Hand Weapons
 a - a +0 falchion (weapon)
Armour
 h - a +0 helmet (worn)
 l - a scarf of invisibility (worn)
 p - a +0 scale mail (worn)
Wands
 r - a wand of flame (13)
Scrolls
 b - a scroll of fear {unknown}
 d - a scroll of teleportation {unknown}
 f - a scroll of summoning {unknown}
 j - a scroll of enchant weapon {unknown}
 k - a scroll of vulnerability {unknown}
 m - a scroll of immolation {unknown}
 n - a scroll of noise {unknown}
Potions
 c - a potion of heal wounds {unknown}
 e - a potion of flight {unknown}
 g - a potion of curing
 i - a potion of haste {unknown}
 o - a potion of lignification {unknown}
 q - a potion of attraction {unknown}


   Skills:
 + Level 4.6 Fighting
 * Level 6.0 Long Blades
 - Level 2.0 Armour
 - Level 2.0 Dodging


You had 5 spell levels left.
You didn't know any spells.
Your spell library was empty.

Dungeon Overview and Level Annotations

Branches:
Dungeon (5/15)
 Temple: D:4-7

Altars:

Annotations:
D:4 Eustachio


Message History

You feel drained.
You fail to use your ability.
Something hits you.
You feel drained.
You fail to use your ability.
Something hits you. Something hits you but does no damage.
You feel drained.
You fade into invisibility!
You are very lightly contaminated with residual magic.
You slash something! Trog accepts your kill.
Trog appreciates your killing of a magic user.
Reactivating autopickup.
You feel a bit more experienced. The orc hits you but does no damage.
You hit the orc but do no damage.
The orc is moderately wounded.
Deactivating autopickup; reactivate with Ctrl-A.
You hit something but do no damage.
You hear some strange, mumbled words.
A puff of flame appears from out of thin air!
The puff of flame hits you.
You barely miss something. Something hits you.
Something hits you but does no damage.
You hit something. Something hits you.
You miss something.
You feel yourself speed up.
Something hits you but does no damage. x2
You hit something but do no damage. Something hits you but does no damage.
You hit something but do no damage.
You flicker for a moment.
Something hits you.
You closely miss something. Something hits you but does no damage.
Your skin crawls.
You feel strong-willed.
You hear some strange, mumbled words.
A magic dart appears from out of thin air!
The magic dart hits you!
* * * LOW HITPOINT WARNING * * *
You miss something.
You hear some strange, mumbled words.
A magic dart appears from out of thin air!
The magic dart hits you.
You die...

#..####.....†....#
#######.......##..#....#
..........>........###.#
.....)......######.#
.....).##..### ..#
......####.<.## #...
...### #....## ##.. .o.
###..o#### ### ..
##.o{@.# #######


You could see 2 orcs.

Vanquished Creatures
  A hound (D:3)
  Natasha (D:4)
  3 orc wizards (D:5)
  Terence (D:3)
  Robin (D:3)
  5 adders
  A shadow imp (D:5)
  3 worms
  4 dart slugs
  10 orcs
  5 endoplasms
  2 giant cockroaches
  10 goblins
  7 hobgoblins
  12 jackals
  6 kobolds
  5 quokkas
  7 ball pythons
  3 bats
  6 frilled lizards
  3 rats
96 creatures vanquished.

Vanquished Creatures (others)
  A fungus (D:2)
  8 plants (D:2)
9 creatures vanquished.

Grand Total: 105 creatures vanquished

Notes
Turn   | Place    | Note
-------+----------+-------------------------------------------
     0 | D:1      | Johnny the Human Berserker began the quest for the Orb.
     0 | D:1      | Reached XP level 1. HP: 18/18 MP: 1/1
   287 | D:1      | Reached XP level 2. HP: 21/24 MP: 2/2
   964 | D:1      | Reached XP level 3. HP: 24/29 MP: 3/3
  1390 | D:2      | Reached skill level 4 in Long Blades
  1691 | D:2      | Reached ** piety under Trog
  1783 | D:2      | Reached XP level 4. HP: 31/36 MP: 4/4
  2573 | D:2      | Found a faded altar of an unknown god.
  2873 | D:3      | Reached XP level 5. HP: 42/42 MP: 5/5
  3048 | D:3      | Noticed Terence
  3080 | D:3      | Killed Terence
  3081 | D:3      | Reached skill level 5 in Long Blades
  3535 | D:3      | Reached XP level 6. HP: 33/48 MP: 6/6
  3751 | D:3      | Noticed Robin
  3760 | D:3      | Killed Robin
  3770 | D:2      | Reached *** piety under Trog
  4258 | D:4      | Noticed Natasha
  4270 | D:4      | Killed Natasha
  4418 | D:4      | Noticed Eustachio
  4418 | D:4      | Noticed an ogre
  4432 | D:5      | Entered Level 5 of the Dungeon
  4532 | D:5      | Reached skill level 6 in Long Blades
  4553 | D:5      | Killed from afar by an orc wizard

Illustrated notes

Levels and vault maps discovered:
D:1:      heliophobic_arrival_glass_houses, layout_basic
D:2:      layout_loops_corners, dreamdust_ecumenical_altar_grove
D:3:      layout_basic, uniq_robin, uniq_terence
D:4:      layout_rooms, tgw_kikubaaqudgha, nicolae_ossuary_entry_ruins,
          minmay_surrounded, uniq_ijyb, uniq_duvessa, uniq_eustachio,
          uniq_grinder, uniq_natasha
D:5:      layout_rooms, gammafunk_temple_overflow_elements,
          kennysheep_generic_room_14

Skill      XL: |  1  2  3  4  5  6 |
---------------+-------------------+-----
Long Blades    | 4 5 6 |  6.0
Fighting       | 4 |  4.6
Armour         | |  2.0
Dodging        | |  2.0

Action                   |  1- 3 |  4- 6 || total
-------------------------+-------+-------++-------
Melee: Falchion          |   104 |   286 ||   390
Invok: Berserk           |     1 |     5 ||     6
       Trog's Hand       |       |     5 ||     5
 Abil: Evoke Invisibilit |       |     1 ||     1
  Use: Potion            |       |     1 ||     1
 Stab: Sleeping          |     2 |     1 ||     3
Armor: Animal skin       |    32 |    23 ||    55
       Scale mail        |       |    86 ||    86
Dodge: Dodged            |    99 |   187 ||   286

Table legend: (Time is in decaauts)
 A = Elapsed time spent in this place.
 B = Non-inter-level travel time spent in this place.
 C = Inter-level travel time spent in this place.
 D = Time resting spent in this place.
 E = Time spent auto-exploring this place.
 F = Levels seen in this place.
 G = Mean time per level.
                   A        B        C        D        E       F      G
               +--------+--------+--------+--------+--------+-----+--------+
         Total |   4640 |   4534 |    106 |    857 |   2880 |   5 |  928.0 |
       Dungeon |   4640 |   4534 |    106 |    857 |   2880 |   5 |  928.0 |
               +--------+--------+--------+--------+--------+-----+--------+

Top non-repeatable levels by time:
     D:2: 1707 daAuts
     D:1: 1372 daAuts
     D:3: 1237 daAuts
     D:4: 177 daAuts
     D:5: 146 daAuts
